[Event "Monsaraz op"]
[Site "Monsaraz POR"]
[Date "2023.11.26"]
[Round "8.10"]
[White "Anustoop Biswas"]
[Black "Spraggett, Kevin"]
[Result "1/2-1/2"]
[ECO "B84"]
[WhiteElo "2256"]
[BlackElo "2480"]
[PlyCount "93"]
[EventDate "2023.11.21"]
[EventType "swiss"]
[EventRounds "9"]
[EventCountry "POR"]
[Source "ChessMix"]
[SourceDate "2023.12.01"]
[TimeControl "5400+30"]

1. e4 c5 2. Nf3 d6 3. d4 cxd4 4. Nxd4 Nf6 5. Nc3 Bd7 6. Be2 Nc6 7. Be3 e6 8. O-O a6 9. Qd2 Be7 10. f3 O-O 11. a4 Qc7 12. Nxc6 bxc6 13. a5 c5 14. Na4 Bxa4 15. Rxa4 d5 16. exd5 exd5 17. Bg5 Qc6 18. b3 Rfe8 19. Rd1 Rad8 20. Bf1 Nh5 21. Rh4 Bxg5 22. Qxg5 Nf6 23. Bd3 Rd6 24. Qg3 Rde6 25. Qf4 Re5 26. Qg3 g6 27. Qf2 Qd6 28. Qf1 R5e6 29. Ra4 d4 30. Bc4 Nd5 31. Bxd5 Qxd5 32. Raa1 Qf5 33. Rd2 h5 34. Rad1 Qg5 35. h3 Qe3+ 36. Kh1 Qc3 37. f4 Qxa5 38. f5 Rf6 39. Rf2 g5 40. Re2 Rxe2 41. Qxe2 Rxf5 42. Qe4 Rf6 43. Qe5 Rg6 44. Qe8+ Kg7 45. Qe5+ Kg8 46. Qe8+ Kg7 47. Qe5+ 1/2-1/2

[Event "Gibraltar Tradewise op-A"]
[Site "Gibraltar ENG"]
[Date "2015.01.30"]
[Round "4.15"]
[White "Naroditsky, Daniel"]
[Black "Spraggett, Kevin"]
[Result "1/2-1/2"]
[ECO "B08"]
[WhiteElo "2622"]
[BlackElo "2538"]
[PlyCount "63"]
[EventDate "2015.01.27"]
[EventType "swiss"]
[EventRounds "10"]
[EventCountry "ENG"]
[Source "Chess Mix"]
[TimeControl "6600+25135"]

1. e4 d6 2. d4 Nf6 3. Nc3 g6 4. Nf3 Bg7 5. Be2 O-O 6. O-O c6 7. h3 Nbd7 8. Bf4
Qa5 9. Nd2 Qc7 10. a4 e5 11. dxe5 dxe5 12. Be3 Rd8 13. Qc1 Nf8 14. Nc4 Ne6 15.
Rd1 Nd4 16. Bf1 Nh5 17. Bg5 f6 18. Be3 f5 19. exf5 Bxf5 20. Rd2 Rd7 21. Kh1 Nf4
22. Rxd4 Rxd4 23. Bxd4 exd4 24. Ne2 Nxe2 25. Bxe2 Be6 26. Nd2 Rf8 27. Nf3 Bd5
28. Qd2 Qb6 29. Rb1 d3 30. Bxd3 Bxf3 31. gxf3 Rxf3 32. Kg2 1/2-1/2

[Event "Gibraltar Tradewise op-A"]
[Site "Gibraltar ENG"]
[Date "2015.01.31"]
[Round "5.11"]
[White "Spraggett, Kevin"]
[Black "Rapport, Richard"]
[Result "1/2-1/2"]
[ECO "A10"]
[WhiteElo "2538"]
[BlackElo "2716"]
[PlyCount "80"]
[EventDate "2015.01.27"]
[EventType "swiss"]
[EventRounds "10"]
[EventCountry "ENG"]
[Source "Chess Mix"]
[TimeControl "6600+1560"]

1. c4 e6 2. Nf3 f5 3. g3 Nf6 4. Bg2 Be7 5. O-O d5 6. b3 Nc6 7. d4 Ne4 8. Bb2 h5
9. Nc3 h4 10. Rc1 hxg3 11. hxg3 Bf6 12. e3 g5 13. Qe2 g4 14. Nd2 Ne7 15. Rfd1
Nxc3 16. Bxc3 Kf7 17. f4 gxf3 18. Nxf3 Bd7 19. Kf2 Bc6 20. Rh1 Qg8 21. Rxh8
Qxh8 22. Ba5 Rc8 23. Rh1 Qg7 24. Rh3 dxc4 25. bxc4 Be4 26. Ne1 Bxg2 27. Nxg2
Nc6 28. Bc3 Rh8 29. Rxh8 Qxh8 30. Qb2 b6 31. Qb5 Nb8 32. c5 Qe8 33. Qc4 Qc6 34.
Nf4 Nd7 35. Qe2 Qh1 36. Qc4 Qh2+ 37. Kf3 Qh1+ 38. Kf2 Qc6 39. Qe2 Qh1 40. Qc4
Qc6 1/2-1/2

[Event "Gibraltar Tradewise op-A"]
[Site "Gibraltar ENG"]
[Date "2015.02.03"]
[Round "8.9"]
[White "Spraggett, Kevin"]
[Black "Matlakov, Maksim"]
[Result "1/2-1/2"]
[ECO "B46"]
[WhiteElo "2538"]
[BlackElo "2695"]
[PlyCount "171"]
[EventDate "2015.01.27"]
[EventType "swiss"]
[EventRounds "10"]
[EventCountry "ENG"]
[Source "Chess Mix"]
[TimeControl "6600+2135"]

1. e4 c5 2. Nf3 e6 3. Nc3 Nc6 4. d4 cxd4 5. Nxd4 Qc7 6. f4 a6 7. Nxc6 bxc6 8.
Bd3 d5 9. O-O Nf6 10. Qe2 Be7 11. Kh1 Bb7 12. Bd2 c5 13. b3 h5 14. Rf3 h4 15.
Rh3 dxe4 16. Nxe4 Nxe4 17. Bxe4 Bxe4 18. Qxe4 Rd8 19. Bc3 O-O 20. f5 exf5 21.
Qxf5 Qc6 22. Re3 Rd5 23. Qf3 Bd8 24. Rd3 Rd6 25. Qxc6 Rxc6 26. Rad1 Bc7 27. Be1
c4 28. Rd4 cxb3 29. cxb3 Re8 30. Bxh4 Re2 31. Rc4 Rxc4 32. bxc4 Rxa2 33. Bg3
Bb6 34. h4 Rc2 35. Rb1 Bd4 36. Rb8+ Kh7 37. Ra8 Rc1+ 38. Kh2 Bg1+ 39. Kh3 Rc3
40. Kg4 Rxc4+ 41. Kf3 Rc3+ 42. Kf4 Bb6 43. Be1 Rc4+ 44. Kf3 a5 45. g4 a4 46. h5
f6 47. Bd2 Bc5 48. g5 fxg5 49. Bxg5 a3 50. Bf4 Rc3+ 51. Kg4 Rc2 52. Be5 Rg2+
53. Kf5 Rf2+ 54. Kg4 Rf7 55. Ra5 Bb4 56. Ra8 Rb7 57. Bd4 Rd7 58. Be3 Rd3 59.
Kf4 Be7 60. Ke4 Rd8 61. Ra7 Bf8 62. Bd4 Kh6 63. Bxg7+ Bxg7 64. Rxa3 Re8+ 65.
Kf3 Kxh5 66. Ra2 Kg6 67. Rg2+ Kf6 68. Re2 Ra8 69. Rc2 Kf5 70. Ke2 Ke4 71. Rd2
Bd4 72. Rc2 Rh8 73. Rd2 Bc3 74. Rc2 Rh3 75. Kf1 Bd4 76. Kg2 Rh8 77. Kf1 Be3 78.
Ke2 Rh1 79. Rc4+ Bd4 80. Rc2 Ra1 81. Rd2 Bc3 82. Rc2 Bd4 83. Kd2 Rh1 84. Ke2
Rh2+ 85. Kd1 Rxc2 86. Kxc2 1/2-1/2

[Event "Gibraltar Tradewise op-A"]
[Site "Gibraltar ENG"]
[Date "2015.02.04"]
[Round "9.15"]
[White "Sutovsky, Emil"]
[Black "Spraggett, Kevin"]
[Result "1-0"]
[ECO "B01"]
[WhiteElo "2637"]
[BlackElo "2538"]
[PlyCount "66"]
[EventDate "2015.01.27"]
[EventType "swiss"]
[EventRounds "10"]
[EventCountry "ENG"]
[Source "Chess Mix"]
[TimeControl "6600+1380"]

1. e4 d5 2. exd5 Qxd5 3. Nc3 Qd6 4. d4 Nf6 5. Nf3 g6 6. Nb5 Qb6 7. Na3 c6 8.
Nc4 Qd8 9. Nce5 Bg7 10. Bc4 O-O 11. O-O Nd5 12. Re1 a5 13. a3 Na6 14. Ba2 Nac7
15. c4 Nf6 16. h3 Bf5 17. Be3 Nd7 18. Qb3 Nxe5 19. dxe5 Qc8 20. Bb6 Ra6 21.
Rad1 Ne6 22. c5 Nf4 23. Ng5 Nd5 24. Rxd5 cxd5 25. Qxd5 e6 26. Qd6 Re8 27. g4
Bc2 28. Qd2 h6 29. Nxf7 Kxf7 30. Qxc2 Rxb6 31. Bb1 Rc6 32. Qxg6+ Kg8 33. Re3
Rxc5 1-0